 Dungeon Crawl Stone Soup version 0.25-a0-663-gace7076 (webtiles) character file.

Game seed: 8609866019048323066, levelgen mode: deterministic

250844 Berder the Pandemonic (level 20, -9/125 HPs)
             Began as a Kobold Ice Elementalist on Mar 24, 2020.
             Was a High Priest of Makhleb.
             Mangled by a profane servitor
             ... wielding a +3 demon whip of flaming
              (11 damage)
             ... on level 4 of the Abyss on Mar 25, 2020.
             The game lasted 04:03:39 (44639 turns).

Berder the Pandemonic (Kobold Ice Elementalist)    Turns: 44639, Time: 04:03:40

Health: -9/125     AC: 16    Str:  7    XL:     20   Next: 43%
Magic:  15/36      EV: 21    Int: 25    God:    Makhleb [*****.]
Gold:   2510       SH:  6    Dex: 15    Spells: 16/44 levels left

rFire    . . .     SeeInvis .   a - +8 dagger "Jent" {vorpal, Str+4 Int+4}
rCold    + . .     Gourm    .   P - +0 buckler
rNeg     . . .     Faith    +   V - +4 troll leather armour "Yrynauq" {rElec Regen+}
rPois    +         Spirit   .   e - +2 helmet of Courage {rPois Str-3 Stlth+}
rElec    +         Reflect  .   D - +0 cloak
rCorr    .         Harm     .   Z - +0 pair of gloves
MR       ++...                  Q - +2 pair of boots
Stlth    +++.......             y - amulet of faith
HPRegen  0.70/turn              p - ring of protection from magic
MPRegen  0.25/turn              R - ring of protection from cold

@: frozen ramparts, slightly contaminated, wreathed by umbra, heavily drained
A: small, carnivore, [dopey 2], [screaming 1]
}: 2/15 runes: decaying, gossamer
a: Minor Destruction, Lesser Servant of Makhleb, Major Destruction, Greater
Servant of Makhleb, Renounce Religion


You were on level 4 of the Abyss.
You worshipped Makhleb.
Makhleb was extremely pleased with you.
You were not hungry.

You visited 7 branches of the dungeon, and saw 34 of its levels.
You visited the Abyss 1 time.
You also visited: Ice Cave and Volcano.

You collected 3389 gold pieces.
You spent 879 gold pieces at shops.

Inventory:

Hand Weapons
 a - the +8 dagger "Jent" (weapon) {vorpal, Str+4 Int+4}
   (You found it on level 4 of the Dungeon)

   It inflicts extra damage upon your enemies.
   It affects your strength (+4).
   It affects your intelligence (+4).
Missiles
 i - 45 boomerangs (quivered)
 T - 2 throwing nets
Armour
 e - the +2 helmet of Courage (worn) {rPois Str-3 Stlth+}
   (You found it in a volcano)

   It affects your strength (-3).
   It protects you from poison.
   It makes you more stealthy.
 D - a +0 cloak (worn)
 P - a +0 buckler (worn)
 Q - a +2 pair of boots (worn)
 V - the +4 troll leather armour "Yrynauq" (worn) {rElec Regen+}
   (You bought it in a shop on level 9 of the Dungeon)

   It insulates you from electricity.
   It increases your rate of regeneration.
 Z - a +0 pair of gloves (worn)
Jewellery
 b - an uncursed ring of protection from fire
 o - a +4 ring of intelligence
 p - a ring of protection from magic (left hand)
 t - the ring "Beneowk" {rElec rF+ MP+9 Stlth-}
   (You found it in an ice cave)

   [ring of attention]

   It protects you from fire.
   It insulates you from electricity.
   It affects your magic capacity (+9).
   It makes you less stealthy.
 y - an amulet of faith (around neck)
 A - an uncursed ring of ice
 E - an uncursed ring of positive energy
 H - an uncursed ring of resist corrosion
 R - a ring of protection from cold (right hand)
Wands
 k - a wand of digging (5)
 l - a wand of clouds (5)
 n - a wand of enslavement (7)
 v - a wand of polymorph (25)
 x - a wand of disintegration (11)
 F - a wand of iceblast (3)
 G - a wand of paralysis (9)
 M - a wand of acid (1)
Scrolls
 f - 3 scrolls of fog
 s - 11 scrolls of remove curse
 z - 8 scrolls of teleportation
 C - a scroll of fear
 I - 3 scrolls of identify
 J - 2 scrolls of silence
 K - 3 scrolls of magic mapping
 O - a scroll of summoning
 S - a scroll of vulnerability
 X - a scroll of holy word
Potions
 d - 3 potions of ambrosia
 g - 2 potions of cancellation
 h - 2 potions of berserk rage
 j - 3 potions of curing
 m - 7 potions of might
 q - a potion of magic
 r - 3 potions of haste
 u - 8 potions of brilliance
 w - 3 potions of mutation
 B - 3 potions of flight
 W - 2 potions of invisibility
Comestibles
 c - 40 rations


   Skills:
 - Level 13.4(11.9) Fighting
 - Level 12.9(11.4) Dodging
 - Level 2.6(1.5) Stealth
 - Level 5.6(4.4) Shields
 - Level 12.5(11.0) Spellcasting
 + Level 14.5(13.0) Conjurations
 - Level 5.0(3.8) Translocations
 - Level 5.0(3.8) Transmutations
 - Level 9.2(7.9) Ice Magic
 - Level 20.6(18.9) Invocations
 - Level 7.0(5.7) Evocations


You had 16 spell levels left.
You knew the following spells:

 Your Spells              Type           Power        Failure   Level  Hunger
a - Freeze                Ice            ####         1%          1    None
b - Frozen Ramparts       Ice            ######       1%          3    None
c - Hailstorm             Conj/Ice       ######..     1%          4    None
d - Ozocubu's Armour      Chrm/Ice       ####....     4%          3    None
e - Blink                 Tloc           N/A          2%          2    None
f - Orb of Destruction    Conj           ######....   28%         7    #######
g - Irradiate             Conj/Tmut      ######....   6%          5    ####...
h - Recall                Summ/Tloc      N/A          10%         3    None

Your spell library contained the following spells:

 Spells                   Type           Power        Failure   Level  Hunger
 Beastly Appendage        Tmut           ####..       1%          1    None
 Foxfire                  Conj/Fire      ####         1%          1    None
 Magic Dart               Conj           ####         1%          1    None
 Shock                    Conj/Air       ####         1%          1    None
 Conjure Flame            Conj/Fire      #####...     1%          3    None
 Dazzling Flash           Conj/Hex       #####.       1%          3    None
 Static Discharge         Conj/Air       #####...     1%          3    None
 Ensorcelled Hibernation  Hex/Ice        ####..       2%          2    None
 Sticks to Snakes         Tmut           ####....     2%          2    None
 Sting                    Tmut/Pois      ###.         3%          1    None
 Mephitic Cloud           Conj/Pois/Air  #####...     3%          3    None
 Shroud of Golubria       Chrm/Tloc      ###...       4%          2    None
 Gell's Gravitas          Tloc           ####......   4%          3    None
 Sticky Flame             Conj/Fire      #####...     4%          4    None
 Ice Form                 Ice/Tmut       #####...     7%          4    None
 Corona                   Hex            ##.....      8%          1    None
 Infusion                 Chrm           ##..         8%          1    None
 Spider Form              Tmut/Pois      ###.......   10%         3    None
 Call Imp                 Summ           ##......     11%         2    None
 Poisonous Vapours        Pois/Air       ##....       11%         2    None
 Slow                     Hex            ##......     11%         2    None
 Song of Slaying          Chrm           ##......     11%         2    None
 Swiftness                Chrm/Air       ##......     11%         2    None
 Ignite Poison            Fire/Tmut/Pois ###.....     13%         3    None
 Summon Ice Beast         Ice/Summ       ####....     14%         4    None
 Fireball                 Conj/Fire      #####.....   14%         5    ####...
 Iskenderun's Battlesphe  Conj/Chrm      #####...     14%         5    ####...
 Lightning Bolt           Conj/Air       #####.....   14%         5    ####...
 Confusing Touch          Hex            ##......     22%         3    None
 Inner Flame              Hex/Fire       ##......     22%         3    None
 Spectral Weapon          Hex/Chrm       ##......     22%         3    None
 Tukima's Dance           Hex            ##......     22%         3    None
 Petrify                  Tmut/Erth      ###.....     32%         4    None
 Bolt of Magma            Conj/Fire/Erth #####.....   34%         5    ####...
 Blade Hands              Tmut           ####......   38%         5    ####...
 Metabolic Englaciation   Hex/Ice        ####......   38%         5    ####...
 Airstrike                Air            ##........   58%         4    None
 Animate Dead             Necr           N/A          58%         4    None
 Olgreb's Toxic Radiance  Pois           ##......     58%         4    None
 Iron Shot                Conj/Erth      #####.....   61%         6    #####..
 Yara's Violent Unravell  Hex/Tmut       ###.......   67%         5    ####...
 Borgnjor's Vile Clutch   Necr/Erth      ##........   90%         5    ####...
 Simulacrum               Ice/Necr       ####......   92%         6    #####..
 Hydra Form               Tmut           ####......   93%         6    #####..
 Statue Form              Tmut/Erth      ###......    99%         6    #####..
 Spellforged Servitor     Conj/Summ      #####.....   99%         7    #######
 Darkness                 Hex            ##........   100%        6    #####..
 Death Channel            Necr           ##........   100%        6    #####..
 Dragon Form              Tmut           ####......   100%        7    #######


Dungeon Overview and Level Annotations

Branches:
Dungeon (15/15)            Temple (1/1) D:6            Lair (6/6) D:10
  Swamp (4/4) Lair:2       Spider (4/4) Lair:4        Slime (0/5) Lair:6
    Orc (2/2) D:11            Elf (2/3) Orc:2        Vaults (0/5) D:14
 Depths (0/5) D:15          IceCv (visited)         Volcano (visited)

Altars:
Ashenzari
Cheibriados
Dithmenos
Elyvilon
Fedhas
Gozag
Hepliaklqana
Kikubaaqudgha
Makhleb
Nemelex Xobeh
Okawaru
Qazlal
Ru
Sif Muna
Trog
Uskayaw
Vehumet
Wu Jian
Xom
Yredelemnul
Zin
The Shining One
Beogh

Shops:
D:4 [   D:9 [[%   D:11 (   Orc:2 }?}?(:

Annotations:
Swamp:4 lernaean, Lernaean hydra
Spider:3 Roxanne
Orc:2 1 runed translucent door, popps's ghost, journeyman DsIE


Innate Abilities, Weirdness & Mutations

You are small and have problems with some larger weapons.
You are carnivorous and can eat meat at any time.
[You are very dopey. (Int -4)]
[You occasionally shout uncontrollably at your foes.]


Message History

r - Retreat! s - Stop attacking. g - Guard the area. f - Follow me.
Anything else - Cancel.
Gang up on whom?
Press: ? - help, Dir - move target cursor, f - wretched star
Aim: a wretched star Attack!
You are engulfed in spectral mist.
The small abomination closely misses your balrug.
Your green death is engulfed in blazing flames.
Your green death gestures at the wretched star.
The poison arrow hits the wretched star!
The wretched star partially resists.
Your balrug is engulfed in spectral mist.
The ghost crab breathes spectral mist at you.
The spectral mist engulfs the spectral shadow dragon but does no damage.
The wretched star glows turbulently.
The lance of force hits your green death!
Your green death dies!
Unknown command.
Unknown command.
A demon appears!
You are engulfed in spectral mist.
Your balrug is engulfed in spectral mist.
Your balrug gestures at the wretched star.
The sticky flame hits the wretched star but does no damage.
The small abomination hits your balrug.
Your balrug dies!
The ghost crab breathes spectral mist at you.
The spectral mist engulfs the spectral shadow dragon but does no damage.
The spectral shadow dragon bites you.
The spectral shadow dragon barely misses you.
You block the spectral shadow dragon's attack.
The spectral catoblepas gores you but does no damage.
Unknown command.
Okay, then.
You feel better.
You are engulfed in spectral mist.
A wretched star comes into view.
The spectral catoblepas gores you!
Your green death hits the spectral catoblepas!
Unknown command.
Unknown command.
Casting: Irradiate (safe; 2% risk of failure)
Confirm with . or Enter, or press ? or * to list all spells.
Aiming: Orb of Destruction (quite dangerous; 10% risk of failure)
Press: ? - help, Shift-Dir - straight line, f/p - wretched star
Aim: a wretched star (lightly damaged)
You are engulfed in spectral mist.
The wretched star pulses with an eldritch light!
You feel stupid. x2
Your green death twists and deforms.
The wretched star glows turbulently.
The lance of force hits you!!
You are knocked back by the lance of force.
You collide with the spectral catoblepas!
You block the small abomination's attack.
The ghost crab breathes spectral mist at you.
The spectral mist engulfs the spectral shadow dragon but does no damage.
You block the spectral shadow dragon's attack.
The spectral shadow dragon closely misses you.
The spectral shadow dragon barely misses you.
Your green death hits the spectral catoblepas.
The spectral catoblepas gores your green death!
Unknown command.
Unknown command.
You are engulfed in spectral mist.
The orb of destruction hits the wretched star!!!
You blow up the wretched star!
Makhleb accepts your kill.
You feel better.
An ancient zyme comes into view.
You feel yourself growing ill in the presence of the ancient zyme.
A blizzard demon comes into view.
The small abomination closely misses you.
You block the spectral catoblepas's attack.
Your green death completely misses the spectral catoblepas.
You feel yourself speed up.
You are engulfed in spectral mist.
The spectral quicksilver dragon closely misses you.
The spectral quicksilver dragon claws you but does no damage.
The small abomination completely misses you.
Your green death hits the spectral catoblepas!
The spectral catoblepas gores you!
You feel drained.
* * * LOW HITPOINT WARNING * * *
Unknown command.
Okay, then.
Unknown command.
Okay, then.
The spectral shadow dragon fades away!
The fire crab is engulfed in spectral mist.
Unknown command.
You feel much better.
The spectral quicksilver dragon bites you.
You block the spectral quicksilver dragon's attack.
The spectral catoblepas gores you!!
* * * LOW HITPOINT WARNING * * *
You feel drained.
* * * LOW HITPOINT WARNING * * *
Your green death hits the spectral catoblepas.
Unknown command.
The spectral quicksilver dragon bites your green death!
The spectral quicksilver dragon claws your green death.
The spectral catoblepas gores your green death!!
Your green death hits the spectral quicksilver dragon.
Something bites your green death! Something claws your green death.
Okay, then.
Unknown command.
Unknown command.
Blink to where?
Press: ? - help, Dir - move target cursor
As you read the scroll of blinking, it crumbles to dust.
A lurking horror comes into view.
You feel ill.
Found a gateway leading deeper into the Abyss.
Unknown command.
The spectral titan fades away!
Found a potion of curing.
There is a gateway leading deeper into the Abyss here.
You plunge deeper into the Abyss.
The abyssal rune of Zot can be found at this depth.
Found a gateway leading deeper into the Abyss.
You feel better.
You start resting.
Your extra speed is starting to run out.
You start resting.
You feel yourself slow down.
You start resting.
Magic restored.
You start resting.
A profane servitor comes into view.
It is wielding a +3 demon whip of flaming.
Okay, then.
Unknown command.
A demon appears!
Unknown command.
Casting: Orb of Destruction (very dangerous; 22% risk of failure)
Confirm with . or Enter, or press ? or * to list all spells.
The walls around you are covered in icicles.
The profane servitor resists.
The wall freezes the profane servitor.
The profane servitor resists.
The wall freezes the profane servitor.
Your cacodemon misses the profane servitor.
Your cacodemon hits the profane servitor.
Unknown command.
Casting: Frozen Ramparts (safe; 1% risk of failure)
Confirm with . or Enter, or press ? or * to list all spells.
A cannonade of hail descends around you!
The hail pelts the profane servitor!
The profane servitor partially resists.
The profane servitor is lightly damaged.
The profane servitor resists.
The wall freezes the profane servitor.
Your cacodemon closely misses the profane servitor.
Your cacodemon barely misses the profane servitor.
Unknown command.
The profane servitor resists.
The wall freezes the profane servitor.
The profane servitor resists.
The wall freezes the profane servitor.
The profane servitor closely misses you.
The profane servitor hits you with a +3 demon whip of flaming.
The profane servitor burns you.
Your cacodemon hits the profane servitor!
Your cacodemon misses the profane servitor.
Unknown command.
Casting: Hailstorm (safe; 1% risk of failure)
Confirm with . or Enter, or press ? or * to list all spells.
You erupt in a fountain of uncontrolled magic!
The profane servitor is blasted with magical radiation!!
The profane servitor is heavily damaged.
The profane servitor resists.
The wall freezes the profane servitor.
You block the profane servitor's attack.
The profane servitor hits you with a +3 demon whip of flaming!
You feel drained. The profane servitor burns you.
Your cacodemon barely misses the profane servitor.
Your cacodemon misses the profane servitor.
Unknown command.
Casting: Irradiate (safe; 6% risk of failure)
Confirm with . or Enter, or press ? or * to list all spells.
You erupt in a fountain of uncontrolled magic!
The profane servitor is blasted with magical radiation!!
The profane servitor is severely damaged.
The profane servitor resists.
The wall freezes the profane servitor.
The profane servitor hits you with a +3 demon whip of flaming!
* * * LOW HITPOINT WARNING * * *
The profane servitor draws strength from your injuries!
The profane servitor burns you.
* * * LOW HITPOINT WARNING * * *
The profane servitor closely misses you.
The profane servitor completely resists.
The wall freezes the profane servitor but do no damage.
You block the profane servitor's attack.
The profane servitor barely misses you.
Your cacodemon hits the profane servitor. x2
Casting: Irradiate (safe; 6% risk of failure)
Confirm with . or Enter, or press ? or * to list all spells.
You erupt in a fountain of uncontrolled magic!
The profane servitor is blasted with magical radiation!!
The profane servitor is almost destroyed.
You are lightly contaminated with residual magic.
You hear a hideous shriek!
The profane servitor resists.
The wall freezes the profane servitor.
The profane servitor hits you with a +3 demon whip of flaming!!
* * * LOW HITPOINT WARNING * * *
The profane servitor draws strength from your injuries!
The profane servitor burns you.
* * * LOW HITPOINT WARNING * * *
The profane servitor hits you with a +3 demon whip of flaming!
You die...

. . . .. .
#. . .. #.
### . #.#
# ..#
.#... #..#
.# .# ...
. .. #..##
#... #. .
. #... #..
.#.#...
.#### .#.
.. #@.##.
.# ...
##A.#.# .
... . #.2#
. .# .. .
###.# #
... ยง
##.#.#
.##. . .
...#.#.# #
#. .......
.
#..#......
# ....#.##
.


You could see a profane servitor and a friendly cacodemon.

Vanquished Creatures
  An Ice Fiend (IceCv)
  A kraken (Abyss:3)
  A thorn hunter (Swamp:3)
  A deep elf sorcerer (Elf:1)
  A cacodemon (Abyss:3)
  3 ghost moths
  Louise (Swamp:2)
  Aizul (Spider:3)
  8 emperor scorpions
  5 entropy weavers
  Josephine (D:11)
  5 vault guards
  A rakshasa (D:14)
  A shambling mangrove (Swamp:2)
  23 hydras
  3 death knights
  5 ogre magi
  12 two-headed ogres
  Erica (Lair:2)
  13 dancing weapons
  9 alligators
  2 tengu warriors (D:14)
  5 centaur warriors
  An orc high priest (Orc:1)
  Nergalle (Lair:1)
  7 deep elf knights (Elf:1)
  3 wretched stars (Abyss:3)
  A sixfirhy (Abyss:3)
  A spatial maelstrom (Abyss:3)
  5 swamp dragons (Swamp:3)
  A glowing orange brain (Abyss:3)
  4 starcursed masses (Abyss:3)
  6 deep elf archers (Elf:1)
  3 unseen horrors (D:15)
  Pikel (D:7)
  14 orb spiders
  24 wolf spiders
  31 ugly things
  A stone giant zombie (Abyss:3)
  A cyclops (D:12)
  A manticore (D:12)
  7 orc sorcerers
  32 deep elf magi
  A worldbinder (Abyss:3)
  3 centaur zombies
  4 elephants (Lair:2)
  Maurice (D:12)
  2 moths of wrath
  3 black mambas
  Psyche (D:11)
  30 spiny frogs
  3 torpor snails
  3 gargoyles
  A black mamba (shapeshifter) (D:14)
  An orange demon (Abyss:3)
  Maggie (D:8)
  2 rime drakes
  4 freezing wraiths
  4 komodo dragons
  2 kobold demonologists
  13 demonic crawlers
  An efreet (Volcano)
  A redback zombie (D:15)
  An ancient zyme (Abyss:3)
  2 ice devils (IceCv)
  6 trolls
  34 jumping spiders
  A merfolk (D:13)
  13 tyrant leeches
  A meliai (shapeshifter) (D:13)
  3 polar bears
  3 meliai
  15 hornets
  11 hippogriffs
  30 slime creatures
  5 bog bodies
  18 blink frogs
  3 shadows
  33 yaks
  A water elemental (Elf:1)
  3 vampires
  67 redbacks
  31 tarantellas
  9 wraiths
  A wyvern (D:10)
  A spriggan (Swamp:3)
  Sigmund (D:5)
  2 fire elementals (Elf:1)
  A yak (shapeshifter) (Elf:1)
  3 hungry ghosts
  15 vampire mosquitoes
  A spatial vortex (Abyss:3)
  2 harpy simulacra (IceCv)
  14 swamp worms
  The ghost of YayAnonymity the Poker, an amateur GrFi (D:3)
  A warg (Orc:2)
  8 insubstantial wisps (Swamp:1)
  2 acid dragons
  A warg (shapeshifter) (Elf:1)
  Menkaure (D:5)
  14 water moccasins
  An iron troll simulacrum (IceCv)
  11 porcupines
  12 orc warriors
  3 sky beasts
  A hornet zombie (D:15)
  10 swamp drakes
  2 ice beasts
  A black bear (D:10)
  3 phantoms
  5 wolves (Lair:3)
  19 ogres
  A necrophage (D:9)
  17 centaurs
  4 big kobolds
  10 crocodiles
  A small abomination (Abyss:3)
  Blork the orc (D:4)
  23 bullfrogs
  3 gnoll sergeants
  3 earth elementals
  A wyvern skeleton (D:11)
  5 scorpions
  18 killer bees
  2 howler monkeys
  22 wights
  2 electric eels
  2 bullfrog zombies
  5 crimson imps
  8 hounds
  Crazy Yiuf (D:5)
  11 orc priests
  4 bullfrog skeletons
  7 jellies
  40 orc wizards
  5 centaur skeletons
  Terence (D:2)
  6 iguanas
  10 worker ants
  A spriggan simulacrum (IceCv)
  2 troll simulacra (IceCv)
  A wolf simulacrum (IceCv)
  3 centaur simulacra (IceCv)
  A hound zombie (D:11)
  24 gnolls
  A howler monkey skeleton (D:4)
  17 adders
  2 naga simulacra (IceCv)
  2 shadow imps
  4 white imps
  5 ufetubi (IceCv)
  2 oozes
  2 worms
  5 leopard geckos
  83 orcs
  3 ball pythons
  6 giant cockroaches
  7 goblins
  8 hobgoblins
  9 jackals
  3 quokkas
  18 bats
  5 frilled lizards
  17 kobolds
  2 leopard gecko skeletons
  A leopard gecko zombie (D:6)
  A quokka skeleton (D:4)
  7 rats
  6 fungi
  3 plants
  4 tentacles (Abyss:3)
1225 creatures vanquished.

Vanquished Creatures (collateral kills)
  Arachne (Spider:4)
  Asterion (Spider:4)
  2 ghost moths
  2 emperor scorpions (Spider:4)
  A stone giant (Volcano)
  2 hydras (Lair:6)
  3 vault guards (D:14)
  An alligator (Swamp:1)
  3 dancing weapons (Elf:1)
  A spatial maelstrom (Abyss:3)
  A swamp dragon (Swamp:4)
  2 ugly things (D:14)
  A wolf spider (Spider:3)
  A fire giant zombie (Abyss:3)
  A cyclops (Lair:6)
  A gargoyle (Volcano)
  An ice statue (IceCv)
  5 spiny frogs (Lair:6)
  A rime drake (Lair:6)
  3 freezing wraiths (IceCv)
  2 komodo dragons (Lair:6)
  4 anaconda simulacra (IceCv)
  3 ice devils (IceCv)
  4 jumping spiders (Spider:4)
  A wolf spider simulacrum (IceCv)
  A tyrant leech (Lair:6)
  A raiju (Abyss:3)
  6 blink frogs (Lair:6)
  2 tarantellas (Spider:4)
  A shadow (Swamp:1)
  A redback (Spider:4)
  4 dire elephant simulacra (IceCv)
  12 vampire mosquitoes
  3 swamp worms (Swamp:1)
  2 insubstantial wisps (Swamp:1)
  2 iron troll simulacra (IceCv)
  2 harpy simulacra (IceCv)
  A sky beast (D:14)
  A necrophage (D:14)
  An alligator simulacrum (IceCv)
  5 bullfrogs
  An earth elemental (Volcano)
  An electric eel (Spider:4)
  A polar bear simulacrum (IceCv)
  A centaur simulacrum (IceCv)
  2 white imps (IceCv)
  An ufetubus (IceCv)
100 creatures vanquished.

Vanquished Creatures (others)
  A dancing weapon (Elf:1)
  A deep elf mage (Elf:1)
  A redback (Spider:2)
  4 slaves (D:7)
  An iguana (D:7)
  A white imp (IceCv)
  23 bushes (D:14)
  50 fungi
  58 plants
  4 tentacles (Abyss:3)
144 creatures vanquished.

Grand Total: 1469 creatures vanquished

Notes
Turn   | Place    | Note
-------+----------+-------------------------------------------
     0 | D:1      | Berder the Kobold Ice Elementalist began the quest for the
                  | Orb.
     0 | D:1      | Reached XP level 1. HP: 10/10 MP: 3/3
   220 | D:1      | Reached XP level 2. HP: 15/15 MP: 1/5
   579 | D:1      | Reached XP level 3. HP: 19/19 MP: 4/6
   790 | D:2      | Reached skill level 5 in Ice Magic
   854 | D:2      | Noticed Terence
   874 | D:1      | Learned a level 3 spell: Frozen Ramparts
  1246 | D:2      | Killed Terence
  1246 | D:2      | Reached XP level 4. HP: 22/24 MP: 3/7
  1258 | D:2      | You fall into a shaft and drop 1 floor!
  1258 | D:3      | Found a shadowy altar of Dithmenos.
  1279 | D:3      | Noticed an ogre
  1318 | D:3      | Found a shattered altar of Ashenzari.
  1891 | D:2      | Reached XP level 5. HP: 27/28 MP: 5/8
  2201 | D:3      | Identified the cursed +0 kite shield of Amorality {Int+3}
  2243 | D:3      | Found a transporter.
  2243 | D:3      | Found a transporter.
  2253 | D:3      | Noticed YayAnonymity's ghost (amateur GrFi)
  2283 | D:3      | Learned a level 4 spell: Hailstorm
  2538 | D:3      | Killed an ogre
  2538 | D:3      | Reached XP level 6. HP: 32/32 MP: 5/9
  3262 | D:3      | Killed YayAnonymity's ghost
  3262 | D:3      | Reached skill level 5 in Conjurations
  3262 | D:3      | Reached XP level 7. HP: 35/36 MP: 1/10
  3772 | D:4      | Got a warped dagger
  3777 | D:4      | Identified the +8 dagger "Jent" {vorpal, Str+4 Int+4} (You
                  | found it on level 4 of the Dungeon)
  3794 | D:4      | Reached XP level 8. HP: 42/42 MP: 8/11
  3801 | D:4      | Reached skill level 1 in Fighting
  4145 | D:4      | Noticed Blork the orc
  4155 | D:4      | Killed Blork the orc
  4558 | D:4      | Found Cifoamp's Antique Armour Boutique.
  4565 | D:4      | Bought a cloak for 103 gold pieces
  4947 | D:5      | Entered Level 5 of the Dungeon
  5213 | D:5      | Learned a level 3 spell: Ozocubu's Armour
  5218 | D:5      | Noticed Sigmund
  5224 | D:5      | Killed Sigmund
  5336 | D:5      | Noticed Menkaure
  5356 | D:5      | Killed Menkaure
  5384 | D:5      | Reached XP level 9. HP: 48/52 MP: 7/12
  5638 | D:5      | Found a sacrificial altar of Ru.
  5639 | D:5      | Found a snail-covered altar of Cheibriados.
  5642 | D:5      | Found a glowing silver altar of Zin.
  5903 | D:5      | Found a runed translucent door.
  5904 | D:5      | Noticed Crazy Yiuf
  5910 | D:5      | Killed Crazy Yiuf
  6158 | D:6      | Found a staircase to the Ecumenical Temple.
  6180 | Temple   | Entered the Ecumenical Temple
  6226 | Temple   | Became a worshipper of Makhleb the Destroyer
  6260 | D:6      | Reached skill level 5 in Fighting
  6707 | D:7      | Noticed Pikel
  6716 | D:7      | Killed Pikel
  6720 | D:7      | Noticed a troll
  6733 | D:7      | Killed a troll
  6733 | D:7      | Reached XP level 10. HP: 60/60 MP: 4/13
  6802 | D:7      | Found a glowing golden altar of the Shining One.
  7062 | D:7      | Reached * piety under Makhleb
  7367 | D:7      | Reached skill level 2 in Invocations
  7420 | D:7      | Reached skill level 3 in Invocations
  7519 | D:7      | Found a stormy altar of Qazlal.
  7519 | D:7      | Found an iron altar of Okawaru.
  7524 | D:7      | Found an ancient bone altar of Kikubaaqudgha.
  7524 | D:7      | Found an opulent altar of Gozag.
  7635 | D:7      | Found a blossoming altar of Fedhas.
  7810 | D:8      | Reached skill level 4 in Invocations
  7986 | D:8      | Reached skill level 5 in Invocations
  8165 | D:8      | Noticed a two-headed ogre
  8213 | D:8      | Killed a two-headed ogre
  8213 | D:8      | Reached skill level 7 in Invocations
  8240 | D:8      | Noticed Maggie
  8382 | D:8      | Noticed a two-headed ogre
  8386 | D:8      | Reached skill level 8 in Invocations
  8390 | D:8      | Killed a two-headed ogre
  8390 | D:8      | Reached skill level 9 in Invocations
  8390 | D:8      | Reached XP level 11. HP: 66/66 MP: 9/17
  8429 | D:8      | Killed Maggie
  8526 | D:8      | Reached ** piety under Makhleb
  8526 | D:8      | Reached skill level 10 in Invocations
  8875 | D:9      | Found Jotuulu's Antique Armour Shop.
  8883 | D:9      | Bought a wizard robe for 142 gold pieces
  8893 | D:9      | Identified the cursed +1 robe of Tekhluips {-Tele rF+
                  | Int+7} (You bought it in a shop on level 9 of the Dungeon)
  9005 | D:9      | Reached skill level 11 in Invocations
  9190 | D:9      | Identified the +5 long sword of a volcano {venom, rElec
                  | rPois}
  9194 | D:9      | Found Boapt's Armour Shoppe.
  9360 | D:9      | Found Olasuf's Food Shop.
  9364 | D:9      | Found an opulent altar of Gozag.
  9914 | D:10     | Entered Level 10 of the Dungeon
  9938 | D:10     | Reached *** piety under Makhleb
  9940 | D:10     | Reached skill level 12 in Invocations
 10087 | D:10     | Learned a level 2 spell: Blink
 10348 | D:10     | Reached **** piety under Makhleb
 10349 | D:10     | Reached skill level 13 in Invocations
 10349 | D:10     | Reached XP level 12. HP: 71/71 MP: 17/21
 10450 | D:10     | Found a staircase to the Lair.
 10864 | D:11     | Noticed a two-headed ogre
 10868 | D:11     | Killed a two-headed ogre
 10893 | D:11     | Reached skill level 14 in Invocations
 10967 | D:11     | Noticed Josephine
 10981 | D:11     | Killed Josephine
 11153 | D:11     | Reached ***** piety under Makhleb
 11220 | D:11     | Noticed Psyche
 11223 | D:11     | Killed Psyche
 11398 | D:11     | Found a staircase to the Orcish Mines.
 11398 | D:11     | Found Fawn's Weapon Emporium.
 11952 | D:11     | You fall into a shaft and drop 3 floors!
 11952 | D:14     | Noticed a death knight
 11976 | D:14     | Noticed a two-headed ogre
 11978 | D:14     | Noticed a seven-headed hydra
 11983 | D:14     | Noticed a vault guard
 11983 | D:14     | Noticed a vault guard
 11985 | D:14     | Noticed a centaur warrior
 11993 | D:14     | Killed a centaur warrior
 12277 | D:13     | Reached skill level 15 in Invocations
 12277 | D:13     | Reached XP level 13. HP: 80/80 MP: 12/24
 12850 | D:12     | Reached skill level 10 in Fighting
 13207 | D:12     | Noticed Maurice
 13219 | D:12     | Reached skill level 16 in Invocations
 13357 | D:12     | Killed Maurice
 13782 | D:13     | Noticed a centaur warrior
 13854 | D:13     | Killed a centaur warrior
 14114 | D:13     | Noticed a centaur warrior
 14125 | D:13     | Killed a centaur warrior
 14296 | Lair:1   | Entered Level 1 of the Lair of Beasts
 14452 | Lair:1   | Noticed a seven-headed hydra
 14469 | Lair:1   | Killed a seven-headed hydra
 15015 | Lair:1   | Upgraded the game from 0.25-a0-661-g55ea3d2 to
                  | 0.25-a0-663-gace7076
 15016 | Lair:2   | Noticed Nergalle
 15087 | Lair:2   | Noticed a six-headed hydra
 15176 | Lair:1   | Killed Nergalle
 15176 | Lair:1   | Reached XP level 14. HP: 92/92 MP: 12/26
 15340 | Lair:2   | Found a staircase to the Swamp.
 15383 | Lair:2   | Noticed Erica
 15414 | Lair:2   | Killed Erica
 15743 | Lair:2   | Reached skill level 17 in Invocations
 15746 | Lair:2   | Reached ****** piety under Makhleb
 17250 | Lair:4   | Reached skill level 18 in Invocations
 17279 | Lair:4   | Found a hole to the Spider Nest.
 18545 | Lair:6   | Entered Level 6 of the Lair of Beasts
 18545 | Lair:6   | Found a staircase to the Slime Pits.
 18579 | Lair:6   | Noticed Sonja
 18595 | Lair:6   | Noticed Sonja
 18595 | Lair:6   | Sonja changed into Sonja the cyclops
 18602 | Lair:6   | Killed Sonja the cyclops
 18621 | Lair:6   | Reached skill level 19 in Invocations
 18832 | Lair:6   | Reached XP level 15. HP: 72/96 MP: 13/28
 19346 | Lair:6   | Reached skill level 20 in Invocations
 20311 | Orc:1    | Entered Level 1 of the Orcish Mines
 20484 | Orc:1    | Found a dark tunnel.
 20685 | Volcano  | Entered a volcano
 20773 | Volcano  | Noticed a stone giant
 20786 | Volcano  | HP: 3/96 [stone giant/large rock (36)]
 20787 | Volcano  | Killed a stone giant
 21174 | Volcano  | Got a pitted helmet
 21186 | Volcano  | Identified the +2 helmet of Courage {rPois Str-3 Stlth+}
                  | (You found it in a volcano)
 21292 | Orc:2    | Entered Level 2 of the Orcish Mines
 21316 | Orc:2    | Found a staircase to the Elven Halls.
 21531 | Orc:2    | Found a runed translucent door.
 21533 | Orc:2    | Noticed popps's ghost (journeyman DsIE)
 21534 | Orc:2    | Found a shimmering altar of Xom.
 21645 | Orc:2    | Found Joinul's Magic Scroll Emporium.
 21648 | Orc:2    | Bought a scroll of identify for 28 gold pieces
 21648 | Orc:2    | Bought a scroll of identify for 28 gold pieces
 21713 | Orc:2    | Found Qarphe Conk's Gadget Shoppe.
 22347 | Orc:2    | Found Gutahihoo's Antique Weapon Emporium.
 22533 | Orc:2    | Found an ancient bone altar of Kikubaaqudgha.
 22556 | Orc:2    | Reached skill level 5 in Dodging
 22761 | Orc:2    | Found a radiant altar of Vehumet.
 22985 | Orc:2    | Found a roughly hewn altar of Beogh.
 22985 | Orc:2    | Found Juital's Book Shoppe.
 23046 | Orc:2    | Found Feylom's Gadget Emporium.
 23050 | Orc:2    | Found Usmyeqo's Magic Scroll Shoppe.
 23071 | Orc:2    | Bought a scroll of identify for 26 gold pieces
 23071 | Orc:2    | Bought a scroll of identify for 26 gold pieces
 23071 | Orc:2    | Bought a scroll of identify for 26 gold pieces
 24237 | D:13     | Reached skill level 1 in Translocations
 24519 | D:14     | Reached skill level 1 in Evocations
 24520 | D:14     | Reached XP level 16. HP: 101/101 MP: 15/30
 26050 | D:14     | Reached skill level 5 in Translocations
 26136 | D:14     | Reached skill level 5 in Evocations
 26328 | D:14     | Found a gate to the Vaults.
 26615 | D:15     | Entered Level 15 of the Dungeon
 26891 | D:15     | Reached skill level 10 in Dodging
 27437 | D:15     | Found a staircase to the Depths.
 27438 | D:15     | Noticed a fire giant
 27949 | Spider:1 | Entered Level 1 of the Spider Nest
 27957 | Spider:1 | Reached skill level 5 in Spellcasting
 28066 | Spider:1 | Reached skill level 1 in Shields
 28430 | Spider:1 | Reached XP level 17. HP: 106/106 MP: 27/31
 30471 | Spider:2 | Reached skill level 5 in Shields
 31242 | Spider:3 | Identified Roxanne's Volume of the Rocks
 31242 | Spider:3 | Noticed Roxanne
 31750 | Spider:3 | Noticed Aizul
 31983 | Spider:3 | Killed Aizul
 32494 | D:9      | Bought a distressingly furry troll leather armour for 500
                  | gold pieces
 32504 | D:9      | Identified the +4 troll leather armour "Yrynauq" {rElec
                  | Regen+} (You bought it in a shop on level 9 of the Dungeon)
 32680 | Spider:4 | Entered Level 4 of the Spider Nest
 32967 | Spider:4 | Reached skill level 10 in Spellcasting
 32984 | Spider:4 | Noticed Arachne
 33112 | Spider:4 | Killed Arachne
 33262 | Spider:4 | Reached XP level 18. HP: 112/112 MP: 18/32
 34275 | Spider:4 | Noticed Asterion
 34283 | Spider:4 | Killed Asterion
 34712 | Spider:4 | Got a gossamer rune of Zot
 35282 | Swamp:1  | Entered Level 1 of the Swamp
 35433 | Swamp:1  | Found a frozen archway.
 35443 | IceCv    | Entered an ice cave
 35500 | IceCv    | Got a heavily runed turquoise ring
 35502 | IceCv    | Identified the ring "Beneowk" {rElec rF+ MP+9 Stlth-} (You
                  | found it in an ice cave)
 35901 | IceCv    | Noticed an Ice Fiend
 36063 | IceCv    | Killed an Ice Fiend
 36155 | IceCv    | Identified Sif Muna's Collected Works on the Scorching Oath
 37192 | Swamp:2  | Identified a scroll of acquirement
 37193 | Swamp:2  | Identified the amulet "Benwyitro" {Spirit *Corrode rC+ MR-
                  | Int+6} (You acquired it on level 2 of the Swamp)
 37211 | Swamp:2  | Learned a level 7 spell: Orb of Destruction
 37308 | Swamp:2  | Reached XP level 19. HP: 120/120 MP: 35/35
 37878 | Swamp:2  | Noticed Louise
 37885 | Swamp:2  | Killed Louise
 38524 | Swamp:3  | Reached skill level 10 in Conjurations
 39113 | Swamp:4  | Entered Level 4 of the Swamp
 40919 | Swamp:4  | Noticed the 27-headed Lernaean hydra
 41251 | Swamp:4  | Got a decaying rune of Zot
 41518 | Elf:1    | Entered Level 1 of the Elven Halls
 41579 | Elf:1    | Found a radiant altar of Vehumet.
 42199 | Elf:1    | Learned a level 5 spell: Irradiate
 42293 | Elf:1    | Reached skill level 1 in Transmutations
 42407 | Elf:1    | Reached XP level 20. HP: 125/125 MP: 36/36
 43546 | Elf:2    | Cast into level 3 of the Abyss (a deep elf demonologist)
 44006 | Abyss:3  | Reached skill level 5 in Transmutations
 44363 | Abyss:3  | Learned a level 3 spell: Recall
 44630 | Abyss:4  | Noticed a profane servitor
 44639 | Abyss:4  | HP: 2/125 [profane servitor/+3 demon whip of flaming (5)]
 44639 | Abyss:4  | Mangled by a profane servitor

Levels and vault maps discovered:
D:1:      saegor_arrival_simple_e, layout_basic
D:2:      minmay_kobold_bridge, layout_basic, kennysheep_generic_room_10,
          uniq_terence
D:3:      layout_loops_ring, nicolae_overflow_hidden_temple,
          nicolae_dithmenos_through_a_glass_darkly,
          gammafunk_ghost_gnarly_gnolls
D:4:      layout_basic, first_ration, serial_shops, shop, serial_bayou_lagoon_a,
          uniq_blork_the_orc
D:5:      layout_basic, chequers_temple_overflow_statue_of_worship,
          uniq_sigmund, uniq_menkaure, uniq_crazy_yiuf_cottage
D:6:      layout_basic, minmay_temple_entry_ruins
D:7:      layout_loops_corners, grunt_temple_overflow_open, tso_oasis_becter,
          fedhas_altar_2, uniq_pikel
D:8:      layout_gridville, serial_glass, glass_columns_c, glass_columns_a,
          uniq_maggie
D:9:      layout_basic, serial_shops, shop, shop,
          nicolae_shop_overgrown_old_shop, basic_altar
D:10:     layout_roguey, due_lair_maze_entry_diamond
D:11:     layout_long_grid, orc_david_3, uniq_josephine, uniq_psyche
D:12:     layout_rooms, uniq_maurice
D:13:     layout_roguey, hangedman_fish_farm
D:14:     layout_rooms, erik_vaults_2, serial_park_gazebo
          [serial_park_minivault_5x5_7], minmay_misc_feat_columns,
          hangedman_decor_peaks_small
D:15:     grunt_enter_depths_giant_problem, layout_loops_ring, hangedman_batty,
          uniq_rupert
Temple:   chequers_temple_sunken
Lair:1:   layout_regular_city
Lair:2:   layout_gridlike, swamp_mist_pool, lemuel_fruit_fields,
          lemuel_fruit_tree, uniq_erica, uniq_nergalle
Lair:3:   layout_cave_pods
Lair:4:   layout_hall_layers, spider_nest_entry_a, serial_bayou_pond_c
Lair:5:   layout_long_grid, small_statue_intersection,
          chequers_serial_rivers_room_b
Lair:6:   minmay_lair_end_frog_pond, layout_misc_corridors,
          nicolae_slime_entry_slimehenge, infiniplex_staircase_pool_2,
          uniq_sonja
Swamp:1:  layout_basic_swamp, portal_ice_cave_entry_pillars_three,
          nicolae_swamp_feature_on_the_river_bank
Swamp:2:  layout_basic_swamp, hangedman_swamp_ruin_wall, swamp_pool3,
          uniq_louise
Swamp:3:  layout_falls_marsh, evilmike_swamp_ruin_house_1,
          infiniplex_staircase_pool
Swamp:4:  swamp_old_school, layout_basic_swamp
Spider:1: layout_spider_delve
Spider:2: layout_spider_delve
Spider:3: layout_spider_delve, uniq_roxanne, uniq_aizul
Spider:4: spider_rune_water, drop_trap, nicolae_arachne_temple, uniq_asterion
Orc:1:    layout_diamond_mine, nicolae_volcano_entry_two_sided, serial_shops,
          nicolae_shop_stone, uniq_harold
Orc:2:    kennysheep_orc_mage_school, layout_caves, serial_shops,
          nicolae_shop_behind_doors, shop, ebering_ghost_xom
Elf:1:    eino_elf_arrival_altar, layout_geoelf_octagon, minivault_28,
          minmay_misc_feat_diagonals, minmay_crystal_room
Elf:2:    layout_onion_city, hex_tiny
Abyss:4:  base: D:10, evilmike_abyss_rune_elephants_shrine

Skill      XL: |  1  2  3  4  5  6  7  8  9 10 11 12 13 14 15 16 17 18 19 20 |
---------------+-------------------------------------------------------------+-----
Ice Magic      | 5 6 7 9 |  9.2
Conjurations   | 2 5 6 8 13 14 | 14.5
Fighting       | 3 6 9 12 13 | 13.4
Invocations    | 9 13 15 16 19 20 | 20.6
Dodging        | 3 8 11 12 | 12.9
Translocations | 3 5 |  5.0
Evocations     | 1 7 |  7.0
Spellcasting   | 5 10 12 | 12.5
Shields        | 1 5 |  5.6
Transmutations | 2 5 |  5.0
Stealth        | |  2.6

Action                   |  1- 3 |  4- 6 |  7- 9 | 10-12 | 13-15 | 16-18 | 19-21 || total
-------------------------+-------+-------+-------+-------+-------+-------+-------++-------
Melee: Dagger            |       |       |    78 |   304 |   484 |    90 |     9 ||   965
 Fire: Hunting sling     |    96 |    94 |    84 |    29 |       |       |       ||   303
Throw: Boomerang         |       |       |       |       |       |       |     1 ||     1
 Cast: Freeze            |    21 |    27 |    18 |    25 |    41 |   102 |     4 ||   238
       Frozen Ramparts   |     4 |     7 |    19 |    62 |   134 |   159 |    46 ||   431
       Hailstorm         |       |     1 |    16 |    60 |   106 |    89 |    15 ||   287
       Blink             |       |       |       |       |       |    21 |    38 ||    59
       Orb of Destructio |       |       |       |       |       |       |    25 ||    25
       Irradiate         |       |       |       |       |       |       |    15 ||    15
       Recall            |       |       |       |       |       |       |     1 ||     1
Invok: Minor Destruction |       |       |       |    13 |     5 |   750 |   730 ||  1498
       Lesser Servant of |       |       |       |     1 |     1 |       |       ||     2
       Major Destruction |       |       |       |       |     4 |    46 |    57 ||   107
       Greater Servant o |       |       |       |       |     4 |    12 |     9 ||    25
Evoke: Wand              |       |       |       |       |     3 |    24 |     9 ||    36
  Use: Scroll            |       |     5 |     3 |     8 |    14 |    15 |     5 ||    50
       Potion            |       |     1 |     2 |     1 |     8 |     5 |     6 ||    23
 Stab: Sleeping          |       |       |       |     3 |     2 |       |       ||     5
       Distracted        |       |       |       |     1 |       |       |       ||     1
       Invisible         |       |       |       |       |     3 |       |       ||     3
  Eat: Chunk             |    10 |     7 |    16 |    44 |    62 |    51 |    29 ||   219
       Ration            |       |       |       |       |     1 |     4 |       ||     5
Armor: Robe              |     7 |       |       |       |       |       |       ||     7
       Leather armour    |       |     7 |    11 |    26 |       |       |       ||    44
       Swamp dragon scal |       |       |       |   103 |   208 |   197 |       ||   508
       Troll leather arm |       |       |       |       |       |   165 |   151 ||   316
Dodge: Dodged            |    39 |    37 |    50 |   243 |   397 |   925 |   535 ||  2226
Block: Buckler           |       |       |       |       |       |   243 |   178 ||   421

Table legend:
 A = Non-vault XP
 B = Vault XP
 C = Vault XP percentage of total XP
 D = Non-vault monster count
 E = Vault monster count
 F = Vault count percentage of total count
                 A         B        C        D         E       F
            +---------+---------+-------+---------+---------+-------
      Total |  253918 |  115694 |  31.3 |     976 |     337 |  25.7
            +---------+---------+-------+---------+---------+-------
        D:1 |      30 |       0 |   0.0 |      20 |       0 |   0.0
        D:2 |      73 |      46 |  38.7 |      22 |       8 |  26.7
        D:3 |     169 |     339 |  66.7 |      23 |       8 |  25.8
        D:4 |     826 |      99 |  10.7 |      29 |       1 |   3.3
        D:5 |     441 |     400 |  47.6 |      13 |       3 |  18.8
        D:6 |     605 |       0 |   0.0 |      22 |       0 |   0.0
        D:7 |    1255 |     617 |  33.0 |      21 |       1 |   4.5
        D:8 |    4696 |     398 |   7.8 |      35 |       1 |   2.8
        D:9 |    2188 |       0 |   0.0 |      26 |       0 |   0.0
       D:10 |    4766 |     883 |  15.6 |      69 |       7 |   9.2
       D:11 |    4856 |    2744 |  36.1 |      50 |      13 |  20.6
       D:12 |    8666 |     480 |   5.2 |      36 |       1 |   2.7
       D:13 |    8902 |    1284 |  12.6 |      27 |       2 |   6.9
       D:14 |   22347 |    5846 |  20.7 |      55 |       7 |  11.3
       D:15 |   16036 |    2819 |  15.0 |      43 |      13 |  23.2
     Lair:1 |    4551 |     820 |  15.3 |      11 |       1 |   8.3
     Lair:2 |    4586 |     902 |  16.4 |      18 |       1 |   5.3
     Lair:3 |    4902 |       0 |   0.0 |      23 |       0 |   0.0
     Lair:4 |    4609 |     737 |  13.8 |      22 |       3 |  12.0
     Lair:5 |    1811 |     504 |  21.8 |       9 |       3 |  25.0
     Lair:6 |    7974 |   11393 |  58.8 |      30 |      51 |  63.0
    Swamp:1 |   12651 |       0 |   0.0 |      46 |       0 |   0.0
    Swamp:2 |    5149 |    1629 |  24.0 |      16 |       1 |   5.9
    Swamp:3 |   13694 |    9220 |  40.2 |      31 |      13 |  29.5
    Swamp:4 |   10811 |    5880 |  35.2 |      31 |       9 |  22.5
   Spider:1 |   12710 |       0 |   0.0 |      24 |       0 |   0.0
   Spider:2 |   20114 |       0 |   0.0 |      56 |       0 |   0.0
   Spider:3 |   11270 |    1930 |  14.6 |      23 |       2 |   8.0
   Spider:4 |   15893 |   35305 |  69.0 |      46 |      75 |  62.0
      Orc:1 |    1957 |       0 |   0.0 |       9 |       0 |   0.0
      Orc:2 |    1060 |    7729 |  87.9 |      22 |      34 |  60.7
      Elf:1 |   29236 |    9946 |  25.4 |      44 |      18 |  29.0
      Elf:2 |    3143 |    1174 |  27.2 |       5 |       2 |  28.6
    Abyss:3 |   11941 |    2307 |  16.2 |      19 |       2 |   9.5
      IceCv |       0 |    7939 | 100.0 |       0 |      51 | 100.0
    Volcano |       0 |    2324 | 100.0 |       0 |       6 | 100.0
            +---------+---------+-------+---------+---------+-------
